 Dungeon Crawl Stone Soup version 0.17-a0-389-g4a39274 (webtiles) character file.

119 ajon the Archer (level 4, 0/43 HPs)
             Began as a High Elf Hunter on Apr 1, 2015.
             Was an Initiate of Fedhas.
             Succumbed to a scorpion's poison
             ... on level 3 of the Dungeon.
             The game lasted 00:05:21 (2272 turns).

ajon the Archer (High Elf Hunter)                   Turns: 2272, Time: 00:05:21

Health: 0/43       AC: 22    Str: 11    XL:     4   Next: 74%
Magic:  5/5        EV:  2    Int: 15    God:    Fedhas [......]
Gold:   134        SH:  0    Dex: 16    Spells: 0 memorised, 3 levels left

rFire  . . .     SeeInvis .     a - +0 short sword
rCold  + . .     Clarity  .     (armour currently unavailable)
rNeg   + + +     SustAb   .     (no shield)
rPois  +         Gourm    .     (helmet currently unavailable)
rElec  .         Spirit   .     (cloak currently unavailable)
rCorr  .         Warding  .     (gloves currently unavailable)
rMut   .         NoTele   +     (boots currently unavailable)
MR     .....                    (no amulet)
Stlth  ++........               s - ring of flight
                                q - ring of protection from cold

@: lethally poisoned (0 -> -2), tree-form, not resistant to hostile
enchantments, unstealthy
A: no striking features
a: Renounce Religion


You were on level 3 of the Dungeon.
You worshipped Fedhas.
Fedhas was noncommittal.
You were hungry.
You were a tree.
You visited 1 branch of the dungeon, and saw 4 of its levels.

You collected 134 gold pieces.

Inventory:

Hand weapons
 a - a +0 short sword (weapon)
 b - a +1 shortbow
Missiles
 c - 60 arrows
Armour
 d - a +0 leather armour (melded)
 t - a +0 helmet (melded)
Jewellery
 q - a ring of protection from cold (left branch)
 s - a ring of flight (right branch)
Magical devices
 o - a wand of frost (22)
Scrolls
 h - 4 scrolls of remove curse {unknown}
 i - 3 scrolls of identify {unknown}
 k - a scroll of enchant armour {unknown}
 r - a scroll of teleportation {unknown}
Potions
 e - a potion of lignification
 g - 2 potions of curing {unknown}
 j - a potion of degeneration {unknown}
 m - a potion of might {unknown}
 n - a potion of ambrosia {unknown}
 p - a potion of mutation {unknown}
Comestibles
 f - 5 bread rations
 l - 2 meat rations
 u - 4 fruits


   Skills:
 - Level 2.0 Fighting
 * Level 8.1 Bows
 - Level 2.1 Dodging
 - Level 1.1 Stealth


You had 3 spell levels left.
You didn't know any spells.

Dungeon Overview and Level Annotations

Branches:
Dungeon (4/15)
 Temple: D:4-7

Altars:
Elyvilon
Fedhas
Sif Muna


Message History

* * * LOW HITPOINT WARNING * * *
You are too injured to fight recklessly!
You are too injured to fight recklessly!
Drink which item? (? for menu, Esc to quit)
It was a potion of lignification.
You turn into a tree.
Your +0 helmet melds into your body.
Your +0 leather armour melds into your body.
Your roots penetrate the ground.
The scorpion stings you but does no damage.
Really attack while wielding your +1 shortbow?
Drink which item? (? for menu, Esc to quit)
Okay, then.
Unknown command.
Wield which item (- for none, * to show all)? (? for menu, Esc to quit)
a - a +0 short sword (weapon)
The scorpion barely misses you.
You closely miss the scorpion.
The scorpion is severely wounded.
You die...
Fedhas appreciates your contribution to the ecosystem.

#.....##.# ###############.
##.#...#.# #............... #
#.#...#.# #.#############. #
#.......# #.# #.
######...#########.# #. ...#
#...#.......#.# ########.
##.###...#.#####.#.######.....##.
...............#.#.....##.....##.
....<..........#♣#####........##.
..............)#s##...........##.
##.###...#.##.##.......##........
...# #...#........#.......##.####
#### #...####.............##.#
######...# ###.(.<..#.......#
.........# #.###..#.##>##.#
#####....# #.# #.......##.####
#####....# #.###.......##.....


You could see a scorpion.

Vanquished Creatures
  3 adders
  A shadow imp (D:3)
  A giant mite (D:2)
  3 worms (D:2)
  A giant gecko (D:2)
  An orc (D:3)
  5 bats
  8 giant cockroaches
  10 goblins
  5 hobgoblins
  A ball python (D:1)
  5 giant newts
  7 kobolds
  A quokka (D:2)
  9 rats
61 creatures vanquished.

Notes
Turn   | Place    | Note
--------------------------------------------------------------
     0 | D:1      | ajon, the High Elf Hunter, began the quest for the Orb.
     0 | D:1      | Reached XP level 1. HP: 14/14 MP: 2/2
   241 | D:1      | Reached XP level 2. HP: 16/19 MP: 3/3
   246 | D:1      | Reached skill level 6 in Bows
   946 | D:2      | Reached XP level 3. HP: 24/24 MP: 4/4
  1075 | D:2      | Reached skill level 7 in Bows
  1232 | D:2      | Reached XP level 4. HP: 29/29 MP: 5/5
  1893 | D:3      | Reached skill level 8 in Bows
  2208 | D:3      | Found a blossoming altar of Fedhas.
  2208 | D:3      | Found a deep blue altar of Sif Muna.
  2209 | D:3      | Found a white marble altar of Elyvilon.
  2215 | D:3      | Became a worshipper of Fedhas Madash
  2269 | D:3      | HP: 1/29 [scorpion (9)]
  2272 | D:3      | Succumbed to a scorpion's poison

Action                   |  1- 3 |  4- 6 || total
-------------------------+-------+-------++-------
Melee: Short sword       |       |     5 ||     5
 Fire: Shortbow          |   124 |    59 ||   183
  Use: Potion            |       |     1 ||     1
  Eat: Chunk             |       |     3 ||     3
